 Dungeon Crawl Stone Soup version 0.31.0-32-g396128a36d (webtiles) character file.

Game seed: 11323559213719665296

356 seaoflcl the Slasher (level 6, -1/48 HPs)
             Began as a Human Fighter on Mar 11, 2024.
             Slain by an orc
             ... wielding a +0 long sword
              (7 damage)
             ... on level 4 of the Dungeon.
             The game lasted 00:07:58 (4350 turns).

seaoflcl the Slasher (Human Fighter)                Turns: 4350, Time: 00:07:59

Health: -1/48      AC: 10    Str: 24      XL:     6   Next: 63%
Magic:  8/8        EV: 10    Int:  8      God:
Gold:   155        SH:  5    Dex: 17 (19) Spells: 8/8 levels left

rFire   . . .        a - +0 long sword
rCold   . . .        c - +0 buckler
rNeg    . . .        b - +0 scale mail
rPois   .            q - +1 helmet
rElec   .            l - +0 cloak
rCorr   .            (no gloves)
SInv    .            (no boots)
Will    .....        (no amulet) Stlth
                     f - +6 ring of strength
HPRegen 0.28/turn    g - +6 ring of dexterity
MPRegen 0.11/turn

%: no passive effects
@: weak-willed
A: explore regen
a: no special abilities


You were on level 4 of the Dungeon.
You visited 1 branch of the dungeon, and saw 4 of its levels.

You collected 155 gold pieces.

Inventory:

Hand Weapons
 a - a +0 long sword (weapon)
 k - a +0 sling
Missiles
 d - a curare-tipped dart
 n - 4 javelins (quivered)
 u - 11 poisoned darts
Armour
 b - a +0 scale mail (worn)
 c - a +0 buckler (worn)
 l - a +0 cloak (worn)
 q - a +1 helmet (worn)
Jewellery
 f - a +6 ring of strength (left hand)
 g - a +6 ring of dexterity (right hand)
Talismans
 h - a blade talisman
Wands
 p - a wand of flame (19)
 y - a wand of paralysis (6)
Scrolls
 j - a scroll of vulnerability
 t - 2 scrolls of identify {unknown}
 v - 2 scrolls of teleportation {unknown}
 w - a scroll of noise {unknown}
 x - a scroll of enchant armour {unknown}
 z - a scroll of amnesia {unknown}
Potions
 e - a potion of attraction
 r - 2 potions of degeneration


   Skills:
 + Level 3.7 Fighting
 * Level 3.9 Long Blades
 + Level 1.7 Throwing
 + Level 3.8 Armour
 + Level 1.9 Dodging
 + Level 3.6 Shields
 + Level 1.8 Spellcasting


You had 8 spell levels left.
You didn't know any spells.
Your spell library contained the following spells:

 Spells                   Type           Power      Damage    Failure   Level
 Gell's Gravitas          Tloc           0%         N/A       97%         3
 Ozocubu's Armour         Ice            0%         N/A       97%         3
 Teleport Other           Tloc           0%         N/A       97%         3
 Metabolic Englaciation   Hex/Ice        0%         N/A       100%        5
 Dispersal                Tloc           0%         N/A       100%        6
 Sculpt Simulacrum        Ice/Alch       0%         N/A       100%        6


Dungeon Overview and Level Annotations

Branches:
Dungeon (4/15)
 Temple: D:4-7

Altars:

Annotations:
D:2 1 runed translucent door, Crazy Yiuf


Innate Abilities, Weirdness & Mutations

You regain HP and MP as you explore.


Message History

You slash something! Something hits you but does no damage.
The orc priest looks satisfied for a moment.
Something hits you but does no damage.
You slash something!
Reactivating autopickup.
You feel a bit more experienced.
The orc priest calls down the wrath of Beogh upon you.
Pain shoots through your body!
* * * LOW HITPOINT WARNING * * *
You feel your strength returning.
As you read the scroll labelled IQASEYF SONYWI, it crumbles to dust.
A wave of despondency washes over your surroundings.
It was a scroll of vulnerability.
As you read the scroll labelled VETSAIVATU, it crumbles to dust.
You feel aware of your surroundings.
You sensed 1 altar.
It was a scroll of revelation.
A quokka comes into view.
The orc priest hits you with a +0 hand axe.
* * * LOW HITPOINT WARNING * * *
You block the orc's attack.
As you read the scroll labelled VIMAUJ WUMIO, it crumbles to dust.
The creatures around you are filled with an inner flame!
It was a scroll of immolation.
The orc priest hits you but does no damage.
The orc hits you but does no damage.
The orc priest attacks as it pursues you!
The orc priest hits you with a +0 hand axe.
The orc priest invokes the aid of Beogh against you.
Beogh smites you!
* * * LOW HITPOINT WARNING * * *
There is an open door here.
An orc comes into view. It is wielding a +0 long sword.
Found Great Wizards, Vol.
II.
The orc priest invokes the aid of Beogh against you.
Beogh smites you!
* * * LOW HITPOINT WARNING * * *
The quokka barely misses you.
You completely miss the orc. The quokka closely misses you.
The orc hits you with a +0 long sword!
You die...

.######.##.######...,,,,,*,,,,* *
.#.......).######.###***,****** *
.#.####.###.........# *,* *
.#,####.###..o......# *,* *
.#,##...###.........# *,*
.#,##.###########o### *,*
.#,##.###########.######.********
.#,##.###########o.......,,,,,,,*
.#,...######...r@#######.***,,,,,
,*,,,,,,,,*#...o.# *,* *,,,,,
,**,,,,,,,*#.....#******,* *,,,,,
,,',,,,,,........+,,,,,,,* *,,,,,
***,,,,,,.##.....#******** *,,,,,
*,,,,,,,*#.....# ******
*,,,,,,,*#.....# *,,,,,,,*#.....#
*,,,,,,,**,,,,,*


You could see an orc priest (inner flame, weak-willed), 2 orcs and a quokka.

Vanquished Creatures
  A kobold brigand (D:3)
  A gnoll bouda (D:3)
  Terence (D:2)
  An orc wizard (D:4)
  Robin (D:2)
  3 gnolls
  4 adders
  3 dart slugs
  4 ribbon worms
  5 orcs
  10 ball pythons
  10 bats
  6 endoplasms
  5 giant cockroaches (D:1)
  17 goblins
  11 hobgoblins
  4 jackals (D:3)
  8 kobolds
  2 quokkas (D:1)
  4 frilled lizards
  5 rats
106 creatures vanquished.

Notes
Turn   | Place    | Note
-------+----------+-------------------------------------------
     0 | D:1      | seaoflcl the Human Fighter began the quest for the Orb.
     0 | D:1      | Reached XP level 1. HP: 18/18 MP: 1/1
   194 | D:1      | Reached XP level 2. HP: 24/24 MP: 2/2
   432 | D:1      | Reached XP level 3. HP: 29/29 MP: 3/3
  1194 | D:2      | Noticed Terence
  1198 | D:2      | Killed Terence
  1199 | D:2      | Reached skill level 1 in Dodging
  1199 | D:2      | Reached skill level 1 in Spellcasting
  1199 | D:2      | Reached XP level 4. HP: 22/35 MP: 5/5
  1362 | D:2      | Noticed Robin
  1369 | D:2      | Killed Robin
  1375 | D:2      | Reached XP level 5. HP: 36/41 MP: 6/6
  1391 | D:2      | Reached skill level 1 in Throwing
  1564 | D:2      | Found a runed translucent door.
  1565 | D:2      | Noticed Crazy Yiuf
  3007 | D:3      | Noticed a kobold brigand
  3026 | D:3      | Killed a kobold brigand
  3027 | D:3      | Reached XP level 6. HP: 15/47 MP: 6/8
  3926 | D:4      | HP: 2/47 [gnoll bouda/+0 club (6)]
  4350 | D:4      | Slain by an orc

Illustrated notes

Levels and vault maps discovered:
D:1:      evilmike_arrival_rings, layout_basic
D:2:      layout_basic, minivault_24, st_stairs_1, uniq_crazy_yiuf_cottage,
          uniq_robin, uniq_terence
D:3:      minmay_wonky_spiral, layout_basic, minmay_door_square,
          kennysheep_potato
D:4:      layout_basic, hellmonk_sif_muna_bookshelves,
          serial_library_hellmonk_hallway_b

Skill      XL: |  1  2  3  4  5 |
---------------+----------------+-----
Long Blades    | 3 |  3.9
Dodging        | 1 |  1.9
Spellcasting   | 1 |  1.8
Throwing       | 1 |  1.7
Fighting       | |  3.7
Armour         | |  3.8
Shields        | |  3.6

Action                     |  1- 3 |  4- 6 || total
---------------------------+-------+-------++-------
  Melee: Long sword        |    82 |   213 ||   295
  Throw: Javelin           |     4 |    14 ||    18
    Use: Potion            |       |     6 ||     6
         Scroll            |       |     3 ||     3
 Armour: Scale mail        |    50 |   147 ||   197
  Dodge: Dodged            |    47 |   127 ||   174
  Block: Buckler           |    33 |    62 ||    95
